 Dungeon Crawl Stone Soup version 0.19.4-9-g45fd643 (webtiles) character file.

79 Mefis the Magician (level 4, -1/24 HPs)
             Began as a Deep Elf Wizard on Feb 15, 2017.
             Slain by a gnoll
             ... wielding a +0 halberd
              (9 damage)
             ... on level 2 of the Dungeon.
             The game lasted 00:03:15 (2126 turns).

Mefis the Magician (Deep Elf Wizard)                Turns: 2126, Time: 00:03:15

Health: -1/24      AC:  3    Str:  4    XL:     4   Next: 16%
Magic:  4/13       EV: 13    Int: 24    God:
Gold:   95         SH:  0    Dex: 13    Spells: 6 memorised, 0 levels left

rFire  . . .     SeeInvis .     h - +0 club
rCold  . . .     Gourm    .     a - +0 robe
rNeg   . . .     Faith    .     (no shield)
rPois  .         Spirit   .     b - +0 hat
rElec  .         Reflect  .     (no cloak)
rCorr  .         Harm     .     (no gloves)
MR     .....                    m - +0 pair of boots (curse)
Stlth  ++........               (no amulet)
                                (no ring)
                                (no ring)

@: repel missiles
A: no striking features
a: no special abilities


You were on level 2 of the Dungeon.
You were hungry.

You visited 1 branch of the dungeon, and saw 2 of its levels.

You collected 95 gold pieces.

Inventory:

Hand Weapons
 h - a +0 club (weapon)
Armour
 a - a +0 robe (worn)
 b - a +0 hat (worn)
 m - a cursed +0 pair of boots (worn)
Scrolls
 j - a scroll of amnesia {unknown}
 q - 2 scrolls of identify {unknown}
Potions
 e - a potion of experience {unknown}
 f - a potion of degeneration {unknown}
 l - a potion of magic {unknown}
 n - a potion of lignification {unknown}
 o - a potion of haste {unknown}
 p - 2 potions of heal wounds {unknown}
Books
 c - a book of Minor Magic

   Spells                             Type                      Level
   a - Magic Dart                     Conjuration                  1
   b - Blink                          Translocation                2
   c - Call Imp                       Summoning                    2
   d - Repel Missiles                 Charms/Air                   2
   e - Slow                           Hexes                        2
   f - Conjure Flame                  Conjuration/Fire             3
   g - Mephitic Cloud                 Conjuration/Poison/Air       3
Comestibles
 d - a bread ration
 g - a slice of pizza
 i - a royal jelly
 k - a meat ration


   Skills:
 + Level 3.3 Dodging
 + Level 2.9 Stealth
 * Level 5.4 Spellcasting
 + Level 2.0 Conjurations
 - Level 1.1 Summonings
 - Level 1.1 Translocations
 + Level 1.0 Air Magic
 + Level 0.4 Poison Magic


You couldn't memorise any spells.
You knew the following spells:

 Your Spells              Type           Power        Failure   Level  Hunger
a - Magic Dart            Conj           ###.         4%          1    None
b - Call Imp              Summ           ##......     12%         2    None
c - Blink                 Tloc           N/A          12%         2    None
d - Repel Missiles        Chrm/Air       #.....       12%         2    None
e - Mephitic Cloud        Conj/Pois/Air  ##......     17%         3    ##.....
f - Conjure Flame         Conj/Fire      ##......     21%         3    ##.....


Dungeon Overview and Level Annotations

Branches:
Dungeon (2/15)

Altars:


Message History

Your iron imp completely misses the gnoll.
Your crimson imp blinks!
You closely miss the goblin.
The goblin is moderately wounded.
Your iron imp disappears in a puff of smoke!
The goblin hits you but does no damage. The goblin misses you.
You hit the goblin.
The goblin is severely wounded.
The gnoll seems less confused.
The goblin barely misses you. The gnoll misses you. The goblin misses you.
The gnoll hits you from afar with a halberd!
* * * LOW HITPOINT WARNING * * *
The gnoll misses you.
You are feeling hungry.
The hobgoblin closely misses you.
There is an escape hatch in the ceiling here.
Your crimson imp blinks!
The goblin barely misses you.
The gnoll hits you from afar with a halberd!
You die...

...##.........................#).
...##.........##..............#..
.........)....''..............'..
.>................(.....#######..
..........#.........>...##......#
#.......#'#.....................#
+...............................#
#...........##..................#
............##..@................
........###'##..gg...............
................g.###......#.....
....#.............#.'......+.....
..................#.#......#.....
..................#.#......#.....
...........5......#+#...<........
.............#...ยง...###.........
.......5.....#.........#.........


You could see a gnoll, a hobgoblin, a goblin and a friendly crimson imp.

Vanquished Creatures
  2 gnolls (D:2)
  2 adders (D:2)
  A worm (D:2)
  2 dart slugs
  A bat (D:1)
  5 giant cockroaches
  7 hobgoblins
  2 jackals (D:1)
  A frilled lizard (D:1)
  6 goblins
  2 kobolds
  4 rats
35 creatures vanquished.

Notes
Turn   | Place    | Note
-------+----------+-------------------------------------------
     0 | D:1      | Mefis the Deep Elf Wizard began the quest for the Orb.
     0 | D:1      | Reached XP level 1. HP: 10/10 MP: 7/7
   377 | D:1      | Reached XP level 2. HP: 15/15 MP: 7/9
   381 | D:1      | Learned a level 2 spell: Call Imp
   384 | D:1      | Learned a level 2 spell: Blink
   387 | D:1      | Learned a level 2 spell: Repel Missiles
  1123 | D:2      | Reached skill level 5 in Spellcasting
  1123 | D:2      | Reached XP level 3. HP: 19/19 MP: 1/11
  1128 | D:2      | Learned a level 3 spell: Mephitic Cloud
  1333 | D:2      | Reached skill level 1 in Air Magic
  1915 | D:2      | Reached XP level 4. HP: 24/24 MP: 0/13
  1920 | D:2      | Learned a level 3 spell: Conjure Flame
  2126 | D:2      | Slain by a gnoll

Skill      XL: |  1  2  3  4 |
---------------+-------------+-----
Spellcasting   | 5 |  5.4
Dodging        | 3 |  3.3
Air Magic      | 1 |  1.0
Conjurations   | 2 |  2.0
Stealth        | |  2.9
Summonings     | |  1.1
Translocations | |  1.1
Poison Magic   | |  0.4

Action                   |  1- 3 |  4- 6 || total
-------------------------+-------+-------++-------
Melee: Club              |     1 |     6 ||     7
 Cast: Magic Dart        |   101 |     7 ||   108
       Repel Missiles    |     2 |       ||     2
       Call Imp          |       |     2 ||     2
       Mephitic Cloud    |       |     1 ||     1
 Stab: Sleeping          |     1 |       ||     1
       Confused          |       |     1 ||     1
  Eat: Chunk             |     3 |       ||     3
Armor: Robe              |     3 |     2 ||     5
Dodge: Dodged            |     5 |     8 ||    13
       Deflected         |     1 |       ||     1
